 Dungeon Crawl Stone Soup version 0.31-a0-1388-g4b2ba238e7 (webtiles) character file.

Game seed: 3159349343317138448

5287 drugrobin the Basher (level 10, -3/74 HPs)
             Began as a Demigod Delver on Dec 25, 2023.
             Slain by a kobold brigand
             ... wielding a +0 war axe
              (9 damage)
             ... in a bailey.
             The game lasted 00:26:25 (9971 turns).

drugrobin the Basher (Demigod Delver)               Turns: 9971, Time: 00:26:26

Health: -3/74      AC: 23    Str: 34    XL:     10   Next: 15%
Magic:  13/13      EV:  8    Int: 12    God:
Gold:   675        SH:  0    Dex: 15    Spells: 9/9 levels left

rFire   . . .        a - +2 flail (protect)
rCold   + . .        i - orb {light}
rNeg    . . .        u - +1 plate armour {rC+}
rPois   .            H - +0 helmet
rElec   .            (no cloak)
rCorr   +            L - +0 pair of gloves {Str+3}
SInv    .            o - +2 pair of boots
Will    +....        (no amulet) Stlth
                     l - ring of resist corrosion
HPRegen 0.32/turn    F - +6 ring of strength
MPRegen 0.13/turn

%: no passive effects
@: lethally poisoned (-3 -> -5), under a protective aura, slowed, glowing, very
slow
A: high MP 1, forlorn, divine attributes
a: no special abilities


You were in a bailey.
You visited 2 branches of the dungeon, and saw 10 of its levels.
You also visited: Bailey.

You collected 675 gold pieces.

Inventory:

Hand Weapons
 a - a +2 flail of protection (weapon)
Missiles
 D - 22 boomerangs (quivered)
 E - 25 poisoned darts
 N - 5 curare-tipped darts
Armour
 i - an orb of light (worn)
 o - a +2 pair of boots (worn)
 q - a scarf of harm
 u - a +1 plate armour of cold resistance (worn)
 H - a +0 helmet (worn)
 I - +0 swamp dragon scales
 L - a +0 pair of gloves of strength (worn)
Jewellery
 l - a ring of resist corrosion (left hand)
 F - a +6 ring of strength (right hand)
Talismans
 K - a beast talisman
Wands
 g - a wand of digging (2)
 C - a wand of charming (18)
 G - a wand of flame (61)
 M - a wand of iceblast (8)
Scrolls
 c - 2 scrolls of fog
 d - 5 scrolls of revelation
 e - 2 scrolls of fear
 k - 6 scrolls of teleportation
 m - 2 scrolls of torment {unknown}
 n - 2 scrolls of enchant weapon {unknown}
 s - 4 scrolls of blinking {unknown}
 v - 3 scrolls of identify {unknown}
 w - a scroll of poison {unknown}
 x - 2 scrolls of enchant armour {unknown}
 y - a scroll of amnesia {unknown}
 z - a scroll of vulnerability {unknown}
Potions
 b - a potion of brilliance {unknown}
 f - 2 potions of haste
 h - 2 potions of lignification {unknown}
 j - 2 potions of attraction {unknown}
 p - a potion of degeneration {unknown}
 r - a potion of invisibility {unknown}
 t - a potion of cancellation {unknown}
 A - a potion of magic {unknown}
 B - a potion of curing {unknown}
 J - 3 potions of enlightenment {unknown}


   Skills:
 - Level 2.6 Fighting
 + Level 13.5 Maces & Flails
 - Level 1.7 Dodging
 - Level 4.5 Stealth
 - Level 4.0 Evocations


You had 9 spell levels left.
You didn't know any spells.
Your spell library contained the following spells:

 Spells                   Type           Power      Damage    Failure   Level
 Magic Dart               Conj           0%         1d3       97%         1
 Summon Small Mammal      Summ           0%         N/A       97%         1
 Searing Ray              Conj           0%         2d4       99%         2
 Call Canine Familiar     Summ           0%         N/A       100%        3
 Dazzling Flash           Conj/Hex       0%         N/A       100%        3
 Sigil of Binding         Hex            0%         N/A       100%        3
 Summon Guardian Golem    Hex/Summ       0%         N/A       100%        3
 Volatile Blastmotes      Fire/Tloc      0%         2d10      100%        3
 Dimensional Bullseye     Hex/Tloc       0%         N/A       100%        4
 Fulminant Prism          Conj/Alch      0%         3d5       100%        4
 Ignite Poison            Fire/Alch      0%         N/A       100%        4
 Sticky Flame             Fire/Alch      0%         2d4       100%        4
 Starburst                Conj/Fire      0%         6d3       100%        6
 Ignition                 Fire           0%         3d3       100%        8
 Maxwell's Capacitive Co  Air            0%         ∞         100%        8


Dungeon Overview and Level Annotations

Branches:
Dungeon (9/15)             Temple (1/1) D:5          Bailey (1/1)
   Lair: D:8-11         Orc: D:9-12


Innate Abilities, Weirdness & Mutations

You have an increased reservoir of magic. (+10% MP)
You shall have no god before yourself.
Your divine heritage dramatically boosts your attributes as you level up.


Message History

You hit the kobold brigand.
Your weapon exudes an aura of protection.
The kobold brigand is lightly wounded.
You feel very sick.
The kobold brigand hits you but does no damage.
Unknown command.
Unknown command.
You hit the kobold brigand.
The kobold brigand is moderately wounded.
You feel sick.
The kobold brigand hits you but does no damage.
Unknown command.
Unknown command.
Unknown command.
You sock the kobold brigand!
The kobold brigand is severely wounded.
You feel sick. The kobold brigand barely misses you.
Unknown command.
Unknown command.
Unknown command.
You hit the kobold brigand.
The kobold brigand is almost dead.
You feel sick.
The kobold brigand hits you but does no damage. x2
Unknown command.
Unknown command.
You hit the kobold brigand.
The kobold brigand is almost dead.
You feel sick.
The kobold brigand hits you with a +0 war axe.
* * * LOW HITPOINT WARNING * * *
The kobold brigand closely misses you.
Unknown command.
Unknown command.
You barely miss the kobold brigand.
The kobold brigand is almost dead.
You feel sick.
The kobold brigand hits you but does no damage.
The kobold brigand hits you with a +0 war axe!
You die...

#....~~.......~~....#
#####~~.......~~#####
##~.......~##
####...#### #.).#
#)÷.# #÷.)# ##''K##
##..∩K@## #.......#
#...∩...# ##.....##
#######


You could see 2 kobold brigands.

Vanquished Creatures
  Maggie (D:6)
  A komodo dragon (D:7)
  Prince Ribbit (D:8)
  6 yaks (D:8)
  A steam dragon (D:8)
  Menkaure (D:5)
  A water moccasin (D:7)
  A black bear (D:7)
  3 sky beasts
  3 orc warriors
  An ice beast (D:7)
  An ogre (D:6)
  A centaur (D:6)
  6 kobold brigands
  3 bullfrogs
  A scorpion (D:4)
  A jelly (D:6)
  5 killer bees (D:8)
  3 howler monkeys (D:8)
  2 bombardier beetles (D:5)
  A gnoll bouda (D:8)
  4 hounds
  An iron imp (D:4)
  An orc priest (D:6)
  3 sleepcaps
  7 iguanas
  Terence (D:2)
  5 orc wizards
  10 adders
  9 gnolls
  4 white imps
  3 ufetubi
  2 worms (D:2)
  The ghost of MysticSailboat the Sneak, a weakling KoDe (D:5)
  4 dart slugs
  21 orcs
  8 endoplasms
  6 giant cockroaches
  13 goblins
  4 hobgoblins
  6 jackals (D:1)
  4 quokkas
  6 ball pythons
  10 bats
  4 frilled lizards
  17 kobolds
  9 rats
207 creatures vanquished.

Vanquished Creatures (collateral kills)
  Grinder (D:6)
  A centaur (D:6)
  A jelly (D:6)
  An iguana (D:6)
  An ufetubus (D:6)
  2 orcs (D:6)
7 creatures vanquished.

Vanquished Creatures (others)
  Duvessa (D:6)
  Dowan (D:6)
2 creatures vanquished.

Grand Total: 216 creatures vanquished

Notes
Turn   | Place    | Note
-------+----------+-------------------------------------------
     0 | D:5      | drugrobin the Demigod Delver began the quest for the Orb.
     0 | D:5      | Reached XP level 1. HP: 18/18 MP: 3/3
    20 | D:5      | Reached skill level 2 in Maces & Flails
    99 | D:5      | Noticed a bombardier beetle
   234 | D:4      | Noticed an iguana
   366 | D:3      | Reached XP level 2. HP: 24/25 MP: 4/4
   470 | D:3      | Reached skill level 3 in Maces & Flails
   589 | D:3      | Reached XP level 3. HP: 30/30 MP: 5/5
  1134 | D:1      | Reached skill level 4 in Maces & Flails
  1366 | D:1      | Reached XP level 4. HP: 37/37 MP: 6/6
  2228 | D:2      | Noticed Terence
  2683 | D:3      | Reached skill level 5 in Maces & Flails
  3084 | D:4      | Reached XP level 5. HP: 25/42 MP: 7/7
  3657 | D:4      | Reached skill level 6 in Maces & Flails
  3789 | D:5      | Noticed Menkaure
  3875 | D:5      | Reached XP level 6. HP: 47/50 MP: 8/8
  4265 | D:5      | Found a large runed translucent door.
  4266 | D:5      | Found a large runed translucent door.
  4268 | D:5      | Noticed MysticSailboat's ghost (weakling KoDe)
  4345 | D:5      | Found a staircase to the Ecumenical Temple.
  4351 | Temple   | Entered the Ecumenical Temple
  4721 | D:2      | Killed Terence
  4722 | D:2      | Reached skill level 7 in Maces & Flails
  5298 | D:5      | Killed Menkaure
  5299 | D:5      | Reached XP level 7. HP: 56/56 MP: 9/9
  5578 | D:5      | Killed MysticSailboat's ghost
  5602 | D:6      | Noticed Grinder
  5655 | D:6      | Reached skill level 1 in Evocations
  5773 | D:6      | Reached skill level 8 in Maces & Flails
  5868 | D:6      | Noticed Duvessa
  5871 | D:6      | Noticed Maggie
  6159 | D:6      | Paralysed by Grinder for 4 turns
  6171 | D:6      | Killed Grinder
  6172 | D:6      | Reached XP level 8. HP: 15/62 MP: 10/10
  6386 | D:7      | Noticed a komodo dragon
  6535 | D:7      | Reached skill level 9 in Maces & Flails
  6751 | D:6      | Noticed Dowan
  6764 | D:6      | Your ally Dowan died
  6819 | D:6      | Your ally Duvessa died
  6962 | D:6      | Identified the +0 trident of the Spectre {vamp, rN+ Str-4
                  | Dex+4}
  7091 | D:6      | Reached skill level 10 in Maces & Flails
  7263 | D:6      | Killed Maggie
  7764 | D:7      | Killed a komodo dragon
  7765 | D:7      | Reached XP level 9. HP: 49/68 MP: 11/11
  7925 | D:7      | Reached skill level 11 in Maces & Flails
  8795 | D:8      | Reached skill level 12 in Maces & Flails
  8833 | D:8      | Noticed Prince Ribbit
  8887 | D:8      | Killed Prince Ribbit
  9437 | D:8      | Reached skill level 13 in Maces & Flails
  9535 | D:8      | Reached XP level 10. HP: 56/74 MP: 13/13
  9578 | D:9      | Found a flagged portal.
  9611 | Bailey   | Entered a bailey
  9971 | Bailey   | Slain by a kobold brigand

Illustrated notes

Levels and vault maps discovered:
D:1:      mainiacjoe_arrival_oval_in_oval, layout_basic
D:2:      layout_rooms, hangedman_decor_riveting, nrook_mini_backslash,
          grunt_ministairs_4, uniq_terence
D:3:      minmay_recursive_quarters, layout_basic, fiery_altar_vehumet,
          grunt_decor_cap
D:4:      layout_basic, slow_altar_1
D:5:      layout_layer_cave, mainiacjoe_overflow_small_starburst,
          nicolae_dithmenos_through_a_glass_darkly,
          minmay_temple_entry_enclosed_plants, ebering_ghost_disaster_area,
          uniq_menkaure
D:6:      layout_rooms, general_overflow_altar, kennysheep_cross_bottleneck,
          minmay_pentangle, uniq_duvessa, uniq_maggie, uniq_grinder
D:7:      layout_basic, jmf_multi_god_temple2, minmay_puff
D:8:      layout_basic, uniq_prince_ribbit1
D:9:      layout_cave_pools, xom_butterflies, tso_altar, marbit_many_paths,
          cheibrodos_ashenzari_chains, enter_bailey_5,
          minmay_hollow_rounded_squares
Temple:   hellmonk_temple_rainy
Bailey:   bailey_axe_3, bailey

Skill      XL: |  1  2  3  4  5  6  7  8  9 |
---------------+----------------------------+-----
Maces & Flails | 2 3 4 5 6 7 8 10 13 | 13.5
Evocations     | 4 |  4.0
Fighting       | |  2.6
Dodging        | |  1.7
Stealth        | |  4.5

Action                     |  1- 3 |  4- 6 |  7- 9 | 10-12 || total
---------------------------+-------+-------+-------+-------++-------
  Melee: Mace              |   150 |   176 |       |       ||   326
         Punch             |     1 |     1 |       |       ||     2
         Flail             |       |    78 |   297 |    45 ||   420
  Throw: Dart              |       |       |     5 |     1 ||     6
         Boomerang         |       |       |     2 |     3 ||     5
  Evoke: Wand              |       |       |    12 |       ||    12
    Use: Scroll            |       |       |       |     1 ||     1
   Stab: Sleeping          |     8 |       |       |       ||     8
 Armour: Leather armour    |    81 |       |       |       ||    81
         Scale mail        |    21 |    15 |       |       ||    36
         Chain mail        |       |    74 |       |       ||    74
         Plate armour      |       |    95 |   283 |    40 ||   418
         Swamp dragon scal |       |       |     3 |       ||     3
  Dodge: Dodged            |   114 |    94 |    88 |    25 ||   321

Table legend: (Time is in decaauts)
 A = Elapsed time spent in this place.
 B = Non-inter-level travel time spent in this place.
 C = Inter-level travel time spent in this place.
 D = Time resting spent in this place.
 E = Time spent auto-exploring this place.
 F = Levels seen in this place.
 G = Mean time per level.
                   A        B        C        D        E       F      G
               +--------+--------+--------+--------+--------+-----+--------+
         Total |  10025 |   9392 |    633 |   1134 |   5550 |  11 |  911.4 |
       Dungeon |   9651 |   9018 |    633 |    994 |   5469 |   9 | 1072.3 |
        Temple |      1 |      1 |      0 |      0 |      0 |   1 |    1.0 |
        Bailey |    372 |    372 |      0 |    139 |     81 |   1 |  372.0 |
               +--------+--------+--------+--------+--------+-----+--------+

Top non-repeatable levels by time:
     D:5: 1752 daAuts
     D:6: 1531 daAuts
     D:3: 1497 daAuts
     D:1: 1139 daAuts
     D:4: 1075 daAuts
     D:8: 1059 daAuts
     D:7: 969 daAuts
     D:2: 588 daAuts
  Bailey: 372 daAuts
     D:9: 37 daAuts
  Temple: 1 daAuts
